TOP OF THE 1ST |
Butler White Sox batting - Pitching for Newark Bulldogs : LHP Pedro Orozco
|
Pitching: LHP Pedro Orozco
|
|
Batting: LHB Don Hull
|
0-0: Ball 1-0: Ball 2-0: Called Strike 2-1: Foul Ball, location: 2F 2-2: Ball 3-2: Base on Balls
|
Batting: RHB Rodney González
|
0-0: Called Strike 0-1: Ball 1-1: Called Strike 1-2: Ball 2-2: Strikes out looking
|
Batting: RHB Luis Ramos
|
0-0: Called Strike 0-1: Fly out, F9 (Flyball, 9S)
|
Batting: RHB John Brown
|
0-0: Called Strike 0-1: Ball 1-1: Swinging Strike 1-2: Ball Don Hull is caught stealing 2nd base
|
Top of the 1st over - 0 run(s), 0 hit(s), 0 error(s), 0 left on base; Butler 0 - Newark 0 |
BOTTOM OF THE 1ST |
Newark Bulldogs batting - Pitching for Butler White Sox : RHP Denny Green
|
Pitching: RHP Denny Green
|
|
Batting: LHB Gerardo Guzmán
|
0-0: Called Strike 0-1: Ball 1-1: Swinging Strike 1-2: Foul Ball, location: 2F 1-2: Ball 2-2: Foul Ball, location: 2F 2-2: Ball 3-2: Strikes out swinging
|
Batting: RHB Carl Byrd
|
0-0: Called Strike 0-1: Ground out 6-3 (Groundball, 6)
|
Batting: RHB Randy Simons
|
0-0: Called Strike 0-1: Ball 1-1: Ball 2-1: Swinging Strike 2-2: Foul Ball, location: 2F 2-2: Foul Ball, location: 2F 2-2: Strikes out swinging
|
Bottom of the 1st over - 0 run(s), 0 hit(s), 0 error(s), 0 left on base; Butler 0 - Newark 0 |
TOP OF THE 2ND |
Butler White Sox batting - Pitching for Newark Bulldogs : LHP Pedro Orozco
|
Batting: RHB John Brown
|
0-0: Ball 1-0: Fly out, F9 (Flyball, 9D)
|
Batting: LHB Dave Cook
|
0-0: Called Strike 0-1: Ball 1-1: SOLO HOME RUN (Flyball, 9D), Distance : 377 ft
|
Batting: RHB Evan Robinson
|
0-0: Foul Ball, location: 2F 0-1: Ball 1-1: Called Strike 1-2: Strikes out swinging
|
Batting: LHB Ron Crawford
|
0-0: Called Strike 0-1: DOUBLE (Line Drive, 3D)
|
Batting: RHB Raúl Bruno
|
0-0: Called Strike Ron Crawford is caught stealing 3rd base
|
Top of the 2nd over - 1 run(s), 2 hit(s), 0 error(s), 0 left on base; Butler 1 - Newark 0 |
BOTTOM OF THE 2ND |
Newark Bulldogs batting - Pitching for Butler White Sox : RHP Denny Green
|
Batting: LHB Marvin Morris
|
0-0: Swinging Strike 0-1: Fly out, F8 (Flyball, 8LM)
|
Batting: RHB Larry Booth
|
0-0: Called Strike 0-1: Ball 1-1: Swinging Strike 1-2: Ball 2-2: Ball 3-2: Strikes out swinging
|
Batting: RHB Perry Henry
|
0-0: Ball 1-0: Swinging Strike 1-1: Swinging Strike 1-2: Foul Ball, location: 2F 1-2: Ball 2-2: Foul Ball, location: 2F 2-2: Foul Ball, location: 2F 2-2: Ground out 3-1 (Groundball, 34)
|
Bottom of the 2nd over - 0 run(s), 0 hit(s), 0 error(s), 0 left on base; Butler 1 - Newark 0 |
TOP OF THE 3RD |
Butler White Sox batting - Pitching for Newark Bulldogs : LHP Pedro Orozco
|
Batting: RHB Raúl Bruno
|
0-0: Called Strike 0-1: Foul Ball, location: 2F 0-2: Ball 1-2: Ball 2-2: Ball 3-2: Strikes out looking
|
Batting: SHB Ben Marks
|
0-0: Ball 1-0: Ball 2-0: SINGLE (Line Drive, 6MD)
|
Batting: LHB Don Hull
|
0-0: Called Strike 0-1: Ball 1-1: Ball 2-1: Swinging Strike 2-2: Strikes out swinging
|
Batting: RHB Rodney González
|
0-0: Swinging Strike 0-1: Ball 1-1: Foul Ball, location: 2F 1-2: Strikes out swinging
|
Top of the 3rd over - 0 run(s), 1 hit(s), 0 error(s), 1 left on base; Butler 1 - Newark 0 |
BOTTOM OF THE 3RD |
Newark Bulldogs batting - Pitching for Butler White Sox : RHP Denny Green
|
Batting: LHB Owen Moreno
|
0-0: Ball 1-0: Ground out 4-3 (Groundball, 13)
|
Batting: RHB Leonardo Pinto
|
0-0: Ball 1-0: Swinging Strike 1-1: Called Strike 1-2: Reached on error, E5 (Groundball, 5L)
|
Batting: RHB Pablo Gómez
|
0-0: Ball 1-0: Called Strike 1-1: Called Strike 1-2: Foul Ball, location: 2F 1-2: Ball 2-2: Ball 3-2: Foul Ball, location: 2F 3-2: Foul Ball, location: 2F 3-2: Foul Ball, location: 2F 3-2: Base on Balls
|
Batting: LHB Gerardo Guzmán
|
0-0: Called Strike Leonardo Pinto steals 3rd base Pablo Gómez to second 0-1: Foul Ball, location: 2F 0-2: Ball 1-2: Ball 2-2: Ball 3-2: Fly out, F4 (Popup, 34)
|
Batting: RHB Carl Byrd
|
0-0: SINGLE (Groundball, 56) Leonardo Pinto scores Pablo Gómez to third Runner from 3rd tries for Home, SAFE, no throw or cutoff
|
Batting: RHB Randy Simons
|
0-0: Called Strike 0-1: Ball 1-1: Foul Ball, location: 2F 1-2: Ball 2-2: Ball 3-2: Base on Balls Carl Byrd to second
|
Batting: LHB Marvin Morris
|
0-0: Ball 1-0: Called Strike 1-1: Called Strike 1-2: Strikes out swinging
|
Bottom of the 3rd over - 2 run(s), 1 hit(s), 1 error(s), 2 left on base; Butler 1 - Newark 2 |
TOP OF THE 4TH |
Butler White Sox batting - Pitching for Newark Bulldogs : LHP Pedro Orozco
|
Batting: RHB Luis Ramos
|
0-0: SOLO HOME RUN (Line Drive, 78XD), Distance : 390 ft
|
Batting: RHB John Brown
|
0-0: Ball 1-0: Called Strike 1-1: SINGLE (Line Drive, 7LM)
|
Batting: LHB Dave Cook
|
0-0: Foul Ball, location: 2F 0-1: Ball 1-1: Foul Ball, location: 2F 1-2: Foul Ball, location: 2F 1-2: Foul Ball, location: 2F 1-2: SINGLE (Line Drive, 8LS) John Brown to second
|
Batting: RHB Evan Robinson
|
0-0: Called Strike 0-1: SINGLE (Flyball, 9S) John Brown to third Dave Cook to second Runner from 3rd tries for Home, SAFE, no throw or cutoff
|
Batting: LHB Ron Crawford
|
0-0: Ball 1-0: Called Strike 1-1: Called Strike 1-2: Foul Ball, location: 2F 1-2: Ball 2-2: Foul Ball, location: 2F 2-2: Fielders Choice at 2nd, 1-6 (Groundball, 13) Dave Cook to third
|
Batting: RHB Raúl Bruno
|
0-0: Fly out, F9 (Flyball, 9S)
|
Batting: SHB Ben Marks
|
0-0: Called Strike 0-1: Ball 1-1: Swinging Strike 1-2: Strikes out looking
|
Top of the 4th over - 2 run(s), 4 hit(s), 0 error(s), 2 left on base; Butler 3 - Newark 2 |
BOTTOM OF THE 4TH |
Newark Bulldogs batting - Pitching for Butler White Sox : RHP Denny Green
|
Batting: RHB Larry Booth
|
0-0: Called Strike 0-1: Ball 1-1: Ball 2-1: Swinging Strike 2-2: Strikes out looking
|
Batting: RHB Perry Henry
|
0-0: Ball 1-0: Ball 2-0: Reached on error, E5 (Groundball, 56)
|
Batting: LHB Owen Moreno
|
0-0: Ball 1-0: Ball 2-0: Foul Ball, location: 2F 2-1: Ground out 3-1 (Groundball, 34) Perry Henry to third
|
Batting: RHB Leonardo Pinto
|
0-0: Ball 1-0: Ball 2-0: Foul Ball, location: 2F 2-1: Ball 3-1: Foul Ball, location: 2F 3-2: Foul Ball, location: 2F 3-2: Foul Ball, location: 2F 3-2: Strikes out swinging
|
Bottom of the 4th over - 0 run(s), 0 hit(s), 1 error(s), 1 left on base; Butler 3 - Newark 2 |
TOP OF THE 5TH |
Butler White Sox batting - Pitching for Newark Bulldogs : LHP Pedro Orozco
|
Batting: LHB Don Hull
|
0-0: Ball 1-0: Reached on error, E2 (Groundball, 2L)
|
Batting: RHB Rodney González
|
0-0: Ball 1-0: Fly out, F9 (Flyball, 9S)
|
Batting: RHB Luis Ramos
|
0-0: Foul Ball, location: 2F 0-1: Grounds into double play, 5-4-3 (Groundball, 56)
|
Top of the 5th over - 0 run(s), 0 hit(s), 1 error(s), 0 left on base; Butler 3 - Newark 2 |
BOTTOM OF THE 5TH |
Newark Bulldogs batting - Pitching for Butler White Sox : RHP Denny Green
|
Batting: RHB Pablo Gómez
|
0-0: Called Strike 0-1: Ball 1-1: Ball 2-1: Ball 3-1: Base on Balls
|
Batting: LHB Gerardo Guzmán
|
0-0: Fly out, F8 (Flyball, 8LD)
|
Batting: RHB Carl Byrd
|
0-0: Ball 1-0: Ground out 5-3 (Groundball, 5S) Pablo Gómez to second
|
Batting: RHB Randy Simons
|
0-0: Called Strike 0-1: Ball 1-1: Swinging Strike 1-2: Strikes out looking
|
Bottom of the 5th over - 0 run(s), 0 hit(s), 0 error(s), 1 left on base; Butler 3 - Newark 2 |
TOP OF THE 6TH |
Butler White Sox batting - Pitching for Newark Bulldogs : LHP Pedro Orozco
|
Batting: RHB John Brown
|
0-0: Foul Ball, location: 2F 0-1: Foul Ball, location: 2F 0-2: Ball 1-2: Ground out 5-3 (Groundball, 5S)
|
Batting: LHB Dave Cook
|
0-0: Foul Ball, location: 2F 0-1: Ball 1-1: Foul Ball, location: 2F 1-2: SOLO HOME RUN (Flyball, 9LD), Distance : 343 ft
|
Batting: RHB Evan Robinson
|
0-0: Ground out 6-3 (Groundball, 6)
|
Batting: LHB Ron Crawford
|
0-0: Called Strike 0-1: Ball 1-1: Ball 2-1: Ball 3-1: Called Strike 3-2: Foul Ball, location: 2F 3-2: Base on Balls
|
Batting: RHB Raúl Bruno
|
Pickoff Throw to First - Error! E1 Ron Crawford to second 0-0: Called Strike 0-1: Called Strike 0-2: Ball 1-2: Ball 2-2: Foul Ball, location: 2F 2-2: Ball 3-2: Strikes out swinging
|
Top of the 6th over - 1 run(s), 1 hit(s), 1 error(s), 1 left on base; Butler 4 - Newark 2 |
BOTTOM OF THE 6TH |
Newark Bulldogs batting - Pitching for Butler White Sox : RHP Denny Green
|
Pitching: LHP Phil Forbes
|
|
Batting: LHB Marvin Morris
|
0-0: Called Strike 0-1: Foul Ball, location: 2F 0-2: Foul Ball, location: 2F 0-2: Strikes out swinging
|
Pitching: LHP Francisco Rodríguez
|
|
Batting: RHB Larry Booth
|
0-0: Foul Ball, location: 2F 0-1: Ball 1-1: Ball 2-1: Ball 3-1: Foul Ball, location: 2F 3-2: Ground out 6-3 (Groundball, 6)
|
Batting: RHB Perry Henry
|
0-0: Swinging Strike 0-1: Ball 1-1: Ball 2-1: Ball 3-1: Base on Balls
|
Batting: LHB Owen Moreno
|
0-0: Ball 1-0: Fly out, F7 (Flyball, 7M)
|
Bottom of the 6th over - 0 run(s), 0 hit(s), 0 error(s), 1 left on base; Butler 4 - Newark 2 |
TOP OF THE 7TH |
Butler White Sox batting - Pitching for Newark Bulldogs : LHP Pedro Orozco
|
Pitching: RHP José Gonzáles
|
|
Batting: SHB Ben Marks
|
0-0: Swinging Strike 0-1: SINGLE (Flyball, 8RS)
|
Batting: LHB Don Hull
|
0-0: Called Strike 0-1: Fly out, F6 (Line Drive, 56D)
|
Batting: RHB Rodney González
|
0-0: Ball 1-0: Ball 2-0: Called Strike 2-1: Fielders Choice at 2nd, 1-4 (Groundball, 15S)
|
Batting: RHB Luis Ramos
|
0-0: DOUBLE (Groundball, 5D) Rodney González to third Runner from 3rd tries for Home, throw and OUT!
|
Top of the 7th over - 0 run(s), 2 hit(s), 0 error(s), 1 left on base; Butler 4 - Newark 2 |
BOTTOM OF THE 7TH |
Newark Bulldogs batting - Pitching for Butler White Sox : LHP Francisco Rodríguez
|
Batting: RHB Leonardo Pinto
|
0-0: Ball 1-0: Foul Ball, location: 2F 1-1: Ball 2-1: Swinging Strike 2-2: Strikes out swinging
|
Batting: RHB Pablo Gómez
|
0-0: SINGLE (Flyball, 78S)
|
Batting: LHB Gerardo Guzmán
|
0-0: Ball 1-0: Ball 2-0: Called Strike 2-1: Ball 3-1: Base on Balls Pablo Gómez to second
|
Batting: RHB Carl Byrd
|
0-0: Ball 1-0: Foul Ball, location: 2F 1-1: Ball 2-1: Swinging Strike 2-2: Strikes out swinging
|
Batting: RHB Randy Simons
|
0-0: Ball 1-0: Ball 2-0: Swinging Strike 2-1: Ball 3-1: Base on Balls Pablo Gómez to third Gerardo Guzmán to second
|
Pinch Hitting: RHB Emílio Salas
|
0-0: Ball 1-0: Ball 2-0: Ball 3-0: Called Strike 3-1: Foul Ball, location: 2F 3-2: Strikes out swinging
|
Bottom of the 7th over - 0 run(s), 1 hit(s), 0 error(s), 3 left on base; Butler 4 - Newark 2 |
TOP OF THE 8TH |
Butler White Sox batting - Pitching for Newark Bulldogs : RHP José Gonzáles
|
Now at 1B: Rocky Whitcomb
|
|
Batting: RHB John Brown
|
0-0: Ball 1-0: Ball 2-0: Ball 3-0: Called Strike 3-1: Base on Balls
|
Batting: LHB Dave Cook
|
0-0: Foul Ball, location: 2F 0-1: Ball 1-1: Swinging Strike 1-2: Ball 2-2: Ball 3-2: Base on Balls John Brown to second
|
Batting: RHB Evan Robinson
|
0-0: Called Strike 0-1: Ball 1-1: Ball 2-1: Sac Bunt - play at first, batter OUT! 1-4 John Brown to third Dave Cook to second
|
Batting: LHB Ron Crawford
|
0-0: Intentional Walk
|
Pinch Hitting: RHB Richard Bankhead
|
0-0: Called Strike 0-1: Foul Ball, location: 2F 0-2: Ball 1-2: Ball 2-2: DOUBLE (Flyball, 9LM) John Brown scores Dave Cook scores Ron Crawford to third
|
Batting: SHB Ben Marks
|
0-0: Ball 1-0: Fly out, F8 (Flyball, 8LM) Runner from 3rd tags up, SCORES, no throw
|
Pitching: RHP Jesús Salazar
|
|
Batting: LHB Don Hull
|
0-0: Called Strike 0-1: Ground out 2-3 (Groundball, 25)
|
Top of the 8th over - 3 run(s), 1 hit(s), 0 error(s), 1 left on base; Butler 7 - Newark 2 |
BOTTOM OF THE 8TH |
Newark Bulldogs batting - Pitching for Butler White Sox : LHP Francisco Rodríguez
|
Now at SS: Thomas Dixon
|
|
Batting: RHB Larry Booth
|
0-0: Called Strike 0-1: Ball 1-1: Fly out, F8 (Flyball, 8RM)
|
Pitching: LHP Domingo Morales
|
|
Batting: RHB Perry Henry
|
0-0: Called Strike 0-1: Ground out 4-3 (Groundball, 4S)
|
Batting: LHB Owen Moreno
|
0-0: Called Strike 0-1: Ball 1-1: Ground out 4-3 (Groundball, 4)
|
Bottom of the 8th over - 0 run(s), 0 hit(s), 0 error(s), 0 left on base; Butler 7 - Newark 2 |
TOP OF THE 9TH |
Butler White Sox batting - Pitching for Newark Bulldogs : RHP Jesús Salazar
|
Batting: RHB Rodney González
|
0-0: Fly out, F9 (Flyball, 9D)
|
Batting: RHB Luis Ramos
|
0-0: Fly out, F9 (Line Drive, 9LS)
|
Batting: RHB John Brown
|
0-0: Ball 1-0: Called Strike 1-1: Foul Ball, location: 2F 1-2: Strikes out looking
|
Top of the 9th over - 0 run(s), 0 hit(s), 0 error(s), 0 left on base; Butler 7 - Newark 2 |
BOTTOM OF THE 9TH |
Newark Bulldogs batting - Pitching for Butler White Sox : LHP Domingo Morales
|
Now at C: Mançio Delmage
|
|
Batting: RHB Leonardo Pinto
|
0-0: Called Strike 0-1: Ball 1-1: Foul Ball, location: 2F 1-2: Strikes out swinging
|
Batting: RHB Pablo Gómez
|
0-0: Foul Ball, location: 2F 0-1: Called Strike 0-2: Ball 1-2: Strikes out swinging
|
Batting: LHB Gerardo Guzmán
|
0-0: Called Strike 0-1: Ground out 3-1 (Groundball, 34)
|
Bottom of the 9th over - 0 run(s), 0 hit(s), 0 error(s), 0 left on base; Butler 7 - Newark 2 |
|